 Dungeon Crawl Stone Soup version 0.25.1-2-g60ff931df9 (webtiles) character file.

Game seed: 3631556833576802061

53 HawFromDerth the Ruffian (level 3, -3/28 HPs)
             Began as a Draconian Transmuter on Sept 21, 2020.
             Killed by nerve-wracking pain
             ... invoked by Jessica
              (8 damage)
             ... on level 2 of the Dungeon.
             The game lasted 00:07:01 (1518 turns).

HawFromDerth the Ruffian (Draconian Transmuter)     Turns: 1518, Time: 00:07:02

Health: -3/28      AC:  5    Str: 13    XL:     3   Next: 64%
Magic:  2/6        EV: 12    Int: 13    God:
Gold:   66         SH:  0    Dex: 11    Spells: 0/6 levels left

rFire    . . .     SeeInvis .     - Unarmed
rCold    . . .     Gourm    .   (no shield)
rNeg     . . .     Faith    .   (armour unavailable)
rPois    .         Spirit   .   (helmet restricted)
rElec    .         Reflect  .   (no cloak)
rCorr    .         Harm     .   (no gloves)
MR       .....                  (no boots)
Stlth    +.........             (no amulet)
HPRegen  0.09/turn              (no ring)
MPRegen  0.10/turn              (no ring)

@: very slightly contaminated
A: unfitting armour, cold-blooded, AC +5
a: no special abilities


You were on level 2 of the Dungeon.
You were not hungry.

You visited 1 branch of the dungeon, and saw 2 of its levels.

You collected 66 gold pieces.

Inventory:

Missiles
 a - 10 arrows
Jewellery
 g - a +6 ring of strength {unknown}
Scrolls
 e - 3 scrolls of identify {unknown}
 k - a scroll of remove curse {unknown}
 m - 2 scrolls of teleportation {unknown}
 n - a scroll of amnesia {unknown}
Potions
 b - a potion of stabbing {unknown}
 d - a potion of ambrosia {unknown}
 f - 4 potions of lignification {unknown}
 h - 2 potions of heal wounds {unknown}
 i - a potion of curing {unknown}
 j - a potion of haste {unknown}
Comestibles
 c - 3 rations
 l - 3 chunks of flesh


   Skills:
 + Level 1.3 Fighting
 + Level 2.2 Dodging
 + Level 0.6 Stealth
 + Level 3.6 Unarmed Combat
 + Level 2.4 Spellcasting
 + Level 2.3 Transmutations


You couldn't memorise any spells.
You knew the following spells:

 Your Spells              Type           Power        Failure   Level  Hunger
a - Beastly Appendage     Tmut           #.....       9%          1    #......
b - Sticks to Snakes      Tmut           #.......     14%         2    ###....
c - Spider Form           Tmut/Pois      #.........   41%         3    ###....

Your spell library contained the following spells:

 Spells                   Type           Power        Failure   Level  Hunger
 Ice Form                 Ice/Tmut       #.......     83%         4    #####..
 Blade Hands              Tmut           #.........   94%         5    ######.


Dungeon Overview and Level Annotations

Branches:
Dungeon (2/15)

Altars:

Annotations:
D:2 Jessica


Innate Abilities, Weirdness & Mutations

Your plain brown scales are hard. (AC +5)
You cannot fit into any form of body armour.
You are cold-blooded and may be slowed by cold attacks.


Message History

The slug dart misses you.
You hit the dart slug. You headbutt the dart slug.
You kill the dart slug!
Some of the chunks of flesh in your inventory have rotted away.
Your horns disappear.
Jessica hits you but does no damage.
You see here a ball python corpse.
You hit Jessica but do no damage.
Your tail-slap misses Jessica.
Jessica is almost dead.
Jessica barely misses you.
You hit Jessica but do no damage.
You tail-slap Jessica, but do no damage.
Jessica is almost dead.
Jessica hits you but does no damage.
You closely miss Jessica.
Your tail-slap misses Jessica.
Jessica is almost dead.
Jessica completely misses you.
Jessica points at you and mumbles some strange words.
Pain shoots through your body!
You die...

#..#.## #.# #.#..#
##.###.###.# #....#
#.## ##÷.#.# #....#
##.###.....# #...##
#..#......# #...#
#.........# #...##
####......# #....
#.#..>#### #...#
#.##..@@.# #...#####
#.##.###.# #..... .#
#....# #.# #... ..
####.###.#####.# @# #
#...........# .#.#
#.........#.#####....
#########..†w....w...
###..........
###########


You could see Jessica (fast).

Vanquished Creatures
  An adder (D:2)
  2 dart slugs
  A leopard gecko (D:1)
  A bat zombie (D:1)
  2 giant cockroaches
  7 hobgoblins
  3 jackals (D:2)
  4 kobolds (D:1)
  2 ball pythons
  7 bats
  2 frilled lizards (D:1)
  A giant cockroach zombie (D:1)
  3 goblins
  3 rats (D:1)
39 creatures vanquished.

Notes
Turn   | Place    | Note
-------+----------+-------------------------------------------
     0 | D:1      | HawFromDerth the Draconian Transmuter began the quest for
                  | the Orb.
     0 | D:1      | Reached XP level 1. HP: 16/16 MP: 3/3
   186 | D:1      | Reached XP level 2. HP: 23/23 MP: 3/5
  1079 | D:2      | Reached XP level 3. HP: 28/28 MP: 4/6
  1287 | D:2      | Learned a level 2 spell: Sticks to Snakes
  1291 | D:2      | Learned a level 3 spell: Spider Form
  1483 | D:2      | Noticed Jessica
  1518 | D:2      | Killed from afar by Jessica

Illustrated notes

Levels and vault maps discovered:
D:1:      saegor_arrival_fortress, layout_rooms, dk_noncrumbling_4
D:2:      layout_loops_ring, nicolae_overflow_hidden_temple, first_ration,
          uniq_jessica

Skill      XL: |  1  2 |
---------------+-------+-----
Dodging        | 2 |  2.2
Fighting       | |  1.3
Stealth        | |  0.6
Unarmed Combat | |  3.6
Spellcasting   | |  2.4
Transmutations | |  2.3

Action                   || total
-------------------------++-------
Melee: Unarmed           ||   125
       Short sword       ||     7
       Tailslap          ||    15
       Headbutt          ||     7
       Kick              ||     5
 Cast: Beastly Appendage ||    18
       Sticks to Snakes  ||     2
       Spider Form       ||     1
  Eat: Ration            ||     1
Armor: Skin              ||    52
Dodge: Dodged            ||   117
